Map: King Sejong Station LE

Players

Trogdor - Winner!

  • Race: Zerg Zerg
  • League: Silver
  • Spawn Location: 5:00

Fropez

  • Race: Protoss Protoss
  • League: Gold
  • Spawn Location: 11:00

VOD

Have the link to the VOD?

Description

Time

  • Played on: Sept. 19, 2016, 4:06 p.m.
  • Length: 15:12
Show
View Real Time Build Order
Export as new Build Order

Trogdor Zerg - Winner!

Build Orders: Hatch First, Muta Ling Bane 

Get SALT Encoding   

  12  0:01  Drone  
  13  0:13  Overlord  
  13  0:20  Drone  
  14  0:31  Drone x2  
  16  0:37  Drone  
  17  0:53  Hatchery  
  16  0:57  Drone  
  16  0:58  Drone  
  18  1:11  Extractor  
  17  1:16  Spawning Pool  
  16  1:18  Drone  
  16  1:22  Drone  
  18  1:29  Drone  
  19  1:40  Drone  
  20  1:56  Drone  
  21  2:03  Zergling x2  
  21  2:04  Queen  
  21  2:05  Queen  
  21  2:06  Zergling x2  
  27  2:13  Metabolic Boost  
  27  2:15  Overlord  
  27  2:20  Zergling x2  
  28  2:41  Zergling x6  
  28  2:42  Zergling x2  
  32  2:51  Drone  
  32  2:52  Overlord  
  33  3:04  Drone  
  33  3:05  Drone  
  35  3:10  Drone x2  
  37  3:14  Lair  
  37  3:16  Drone x3  
  37  3:17  Drone  
  37  3:18  Drone  
  42  3:26  Overlord  
  38  3:54  Overlord, Zergling x6  
  39  3:55  Zergling x4  
  39  3:56  Drone x3  
  43  4:06  Hatchery  
  43  4:07  Queen  
  44  4:10  Extractor  
  44  4:12  Extractor  
  44  4:13  Extractor  
  44  4:16  Zergling x2  
  43  4:17  Zergling x2  
  43  4:18  Drone  
  43  4:22  Drone  
  45  4:28  Drone x2  
  45  4:29  Drone  
  48  4:49  Queen  
  48  4:51  Zergling x6  
  48  4:52  Zergling x4, Baneling Nest, Overlord  
  54  5:03  Spine Crawler, Spore Crawler  
  45  5:31  Overlord, Zergling x4  
  45  5:32  Zergling x4, Drone x2  
  45  5:33  Drone x4  
  53  5:36  Drone x2  
  55  5:56  Queen  
  57  5:57  Drone  
  57  5:58  Overlord, Drone x4  
  57  5:59  Drone  
  63  6:07  Spore Crawler  
  62  6:26  Spire  
  61  6:47  Zergling x2  
  61  6:48  Overlord, Zergling x8  
  61  6:49  Zergling x10  
  61  6:50  Zergling x6, Drone x2  
  76  6:57  Drone x2  
  76  6:58  Drone x4  
  82  7:02  Extractor  
  82  7:04  Extractor  
  71  7:36  Overseer  
  71  7:42  Baneling x2  
  71  7:43  Baneling x6  
  71  7:52  Drone x5  
  71  7:53  Drone x6  
  71  7:54  Drone x4  
  85  8:09  Spawning Pool  
  85  8:10  Spire  
  83  8:13  Drone x2  
  83  8:14  Drone x5  
  83  8:16  Centrifical Hooks  
  90  8:20  Spire  
  83  8:56  Hatchery  
  83  8:57  Extractor  
  83  8:58  Extractor  
  77  9:05  Drone x4  
  77  9:06  Extractor, Zergling x6, Drone x2  
  77  9:07  Zergling x4, Overlord, Hatchery  
  77  9:09  Extractor  
  85  9:10  Drone  
  86  9:36  Drone x3, Spore Crawler  
  86  9:37  Drone x4  
  92  9:40  Zerg Flyer Weapons Level 1  
  92  9:42  Zerg Flyer Armor Level 1  
  92  9:47  Spore Crawler  
  92  9:49  Mutalisk  
  92  9:50  Mutalisk x6  
  92  9:52  Overlord x2  
  105  9:53  Overlord  
  105  10:04  Pneumatized Carapace  
  105  10:07  Queen  
  103  10:22  Baneling x5  
  103  10:23  Baneling x3  
  103  10:25  Spore Crawler  
  103  10:27  Spine Crawler  
  101  10:31  Zergling x2  
  101  10:32  Zergling x12  
  101  10:33  Zergling x12  
  101  10:34  Zergling x2  
  110  10:37  Mutalisk x3  
  113  10:46  Mutalisk x2  
  113  10:47  Mutalisk  
  113  10:48  Overseer  
  119  10:55  Spine Crawler  
  117  10:58  Zergling x4  
  117  11:01  Zergling x4  
  121  11:09  Baneling x5  
  121  11:10  Baneling x5  
  121  11:11  Baneling x6  
  121  11:12  Baneling x5  
  121  11:13  Baneling  
  121  11:16  Mutalisk x2  
  121  11:17  Mutalisk x4  
  129  11:30  Mutalisk x2  
  129  11:31  Overlord x2  
  128  11:49  Mutalisk x5  
  128  11:54  Drone x6  
  141  11:55  Drone x3  
  147  12:01  Zerg Flyer Weapons Level 2  
  147  12:06  Infestation Pit  
  142  12:26  Spore Crawler  
  142  12:27  Spine Crawler  
  129  12:32  Zergling x4  
  129  12:33  Zergling x8  
  129  12:34  Zergling x16  
  143  12:46  Drone x3  
  143  12:47  Drone x4  
  150  12:58  Spore Crawler  
  149  13:19  Overseer  
  149  13:20  Overseer  
  149  13:22  Evolution Chamber x2  
  149  13:23  Evolution Chamber  
  146  13:39  Queen  
  147  13:45  Zergling x2  
  147  13:46  Overlord x3, Zergling x2  
  147  13:47  Overlord x2  
  141  14:25  Overlord  
  141  14:26  Overlord x3, Mutalisk x5  
  141  14:27  Mutalisk x5  
  141  14:28  Mutalisk x2  
Show
View Real Time Build Order
Export as new Build Order

Fropez Protoss 

Build Orders: 1 Gate Expand 

Get SALT Encoding   

  12  0:01  Probe (Chrono Boost)  
  13  0:14  Pylon  
  13  0:17  Probe (Chrono Boost)  
  14  0:27  Probe (Chrono Boost)  
  15  0:34  Gateway  
  15  0:38  Probe (Chrono Boost)  
  16  0:47  Pylon  
  16  0:48  Probe (Chrono Boost)  
  17  0:54  Assimilator  
  17  0:59  Probe (Chrono Boost)  
  18  1:22  Cybernetics Core  
  18  1:39  Nexus  
  18  1:43  Probe (Chrono Boost)  
  19  1:53  Assimilator  
  20  1:54  Probe (Chrono Boost)  
  20  2:04  Probe (Chrono Boost)  
  20  2:07  Warp Gate (Chrono Boost)  
  21  2:25  Mothership Core  
  23  2:37  Pylon  
  23  2:39  Pylon  
  23  2:46  Probe  
  23  2:51  Probe  
  23  2:58  Probe  
  25  3:06  Gateway  
  25  3:09  Gateway  
  25  3:10  Gateway  
  25  3:23  Adept, Twilight Council  
  24  4:00  Probe  
  25  4:04  Resonating Glaives (Chrono Boost)  
  25  4:08  Adept x3  
  31  4:24  Robotics Facility  
  31  4:26  Pylon  
  31  4:40  Probe  
  31  4:42  Probe  
  33  4:52  Probe  
  34  4:59  Probe  
  34  5:05  Adept  
  34  5:06  Adept  
  38  5:08  Adept x2  
  38  5:11  Probe  
  35  5:34  Assimilator  
  35  5:37  Assimilator  
  35  5:43  Probe, Dark Shrine  
  35  5:44  Pylon  
  35  5:46  Warp Prism (Chrono Boost)  
  38  5:50  Probe  
  38  5:55  Probe  
  40  6:00  Probe  
  41  6:27  Probe, Gateway  
  41  6:29  Gateway  
  42  6:33  Pylon  
  42  6:35  Pylon  
  42  6:56  Dark Templar x2  
  42  6:57  Dark Templar  
  48  7:56  Stalker x3  
  48  7:57  Stalker  
  48  7:58  Probe  
  50  7:59  Probe  
  52  8:09  Probe  
  52  8:11  Probe  
  54  8:17  Stargate, Dark Templar  
  54  8:18  Dark Templar  
  58  8:26  Dark Templar x4  
  58  9:05  Probe  
  58  9:06  Probe  
  60  9:21  Phoenix (Chrono Boost), Nexus  
  60  9:23  Pylon  
  62  9:25  Pylon  
  61  9:37  Adept x6  
  73  10:01  Phoenix (Chrono Boost)  
  75  10:09  Dark Templar  
  75  10:13  Zealot  
  77  10:23  Dark Templar  
  77  10:27  Dark Templar x3  
  79  10:49  Probe  
  78  11:00  Adept x5, Probe  
  78  11:01  Adept, Probe  
  92  11:06  Probe  
  92  11:11  Probe  
  86  11:28  Phoenix (Chrono Boost)  
  82  11:43  Stargate  
  82  11:46  Stalker x3  
  82  11:50  Phoenix (Chrono Boost)  
  80  12:01  Forge  
  80  12:02  Pylon, Probe  
  81  12:10  Stalker  
  83  12:20  Stalker  
  77  12:31  Probe  
  77  12:32  Probe  
  77  12:36  Probe  
  79  12:43  Assimilator  
  80  12:48  Probe  
  80  12:49  Assimilator  
  81  12:54  Phoenix, Gateway  
  81  12:57  Gateway  
  83  12:59  Gateway  
  83  13:02  Phoenix  
  85  13:09  Probe  
  86  13:27  Phoenix (Chrono Boost)  
  86  13:28  Phoenix (Chrono Boost)  
  86  13:31  Warp Prism (Chrono Boost)  
  92  13:45  Probe x2  
  92  13:46  Phoenix (Chrono Boost)  
  94  13:50  Phoenix  
  95  14:00  Stalker x3  
  91  14:06  Observer (Chrono Boost)  
  75  14:21  Stalker x2  
  68  14:26  Mothership Core  
  60  14:34  Pylon  
  60  14:36  Phoenix  
  55  14:41  Pylon  
Tags
 
Add a new tag
Caveats
  • Supply blocks, unpowered buildings, or Contaminate may cause inaccurate times.
  • Supply counts are checked every 10 seconds.